 Dungeon Crawl Stone Soup version 0.28-a0-71-g84acfa7270 (webtiles) character file.

Game seed: 6607044075228243589

1177 Gargoyl the Skirmisher (level 8, -3/100 HPs)
             Began as a Gnoll Abyssal Knight on Aug 1, 2021.
             Was a Priest of Lugonu.
             Slain by an orc warrior (7 damage)
             ... on level 6 of the Dungeon.
             The game lasted 00:06:05 (4614 turns).

Gargoyl the Skirmisher (Gnoll Abyssal Knight)       Turns: 4614, Time: 00:06:06

Health: -3/100     AC: 14    Str: 20    XL:     8   Next: 41%
Magic:  12/12      EV:  9    Int:  7    God:    Lugonu [***...]
Gold:   203        SH:  0    Dex: 18    Spells: 13/13 levels left

rFire   + + +      SeeInvis .   c - +8 long sword of Okawaru's Inspiration {vorpal, rElec rPois rF+++ Int-4}
rCold   . . .      Faith    .   (no shield)
rNeg    . . .      Spirit   .   n - +2 chain mail {Will+}
rPois   +          Reflect  .   d - +0 helmet
rElec   +          Harm     .   g - +0 cloak
rCorr   .          Rampage  .   (no gloves)
Will    +....                   (no boots)
Stlth   ..........              (no amulet)
HPRegen 0.26/turn               q - +6 ring of strength
MPRegen 0.13/turn               p - +6 ring of dexterity

@: berserking, very quick
A: fangs 1, strong nose, distributed training
a: Renounce Religion, Depart the Abyss, Bend Space, Banish


You were on level 6 of the Dungeon.
You worshipped Lugonu.
Lugonu was most pleased with you.
You visited 1 branch of the dungeon, and saw 6 of its levels.
You visited the Abyss 1 time.

You collected 203 gold pieces.

Inventory:

Hand Weapons
 a - a +2 vampiric hand axe
 c - the +8 long sword of Okawaru's Inspiration (weapon) {vorpal, rElec rPois rF+++ Int-4}
   (You found it on level 3 of the Abyss)

   It inflicts extra damage upon your enemies.
   Int:       It affects your intelligence (-4).
   rF:        It renders you almost immune to fire.
   rElec:     It insulates you from electricity.
   rPois:     It protects you from poison.
Missiles
 b - 2 curare-tipped darts
 j - 2 datura-tipped darts (quivered)
 r - a throwing net
Armour
 d - a +0 helmet (worn)
 g - a +0 cloak (worn)
 n - a +2 chain mail of willpower (worn)
Jewellery
 p - a +6 ring of dexterity (right hand)
 q - a +6 ring of strength (left hand)
Wands
 l - a wand of flame (14)
Scrolls
 e - 3 scrolls of identify
 f - a scroll of magic mapping
Potions
 h - 3 potions of curing
 i - a potion of might
 m - a potion of brilliance


   Skills:
 + Level 7.3 Fighting
 + Level 3.2 Short Blades
 + Level 3.2 Long Blades
 + Level 5.6 Axes
 + Level 3.2 Maces & Flails
 + Level 3.2 Polearms
 + Level 3.2 Staves
 + Level 3.2 Slings
 + Level 3.2 Bows
 + Level 3.2 Crossbows
 + Level 3.2 Throwing
 + Level 5.6 Armour
 + Level 4.2 Dodging
 + Level 3.2 Stealth
 + Level 3.2 Shields
 + Level 3.2 Unarmed Combat
 + Level 3.2 Spellcasting
 + Level 2.6 Conjurations
 + Level 2.6 Hexes
 + Level 2.6 Summonings
 + Level 2.6 Necromancy
 + Level 2.6 Translocations
 + Level 2.6 Transmutations
 + Level 2.6 Fire Magic
 + Level 2.6 Ice Magic
 + Level 2.6 Air Magic
 + Level 2.6 Earth Magic
 + Level 2.6 Poison Magic
 + Level 5.9 Invocations
 + Level 3.2 Evocations


You had 13 spell levels left.
You didn't know any spells.
Your spell library contained the following spells:

 Spells                   Type           Power      Damage    Failure   Level
 Foxfire                  Conj/Fire      16%        2x1d4     71%         1
 Conjure Flame            Conj/Fire      4%         6-21      97%         3
 Inner Flame              Hex/Fire       4%         N/A       97%         3


Dungeon Overview and Level Annotations

Branches:
Dungeon (6/15)
 Temple: D:4-7

Altars:
Ashenzari
Elyvilon
Nemelex Xobeh
Uskayaw
Vehumet


Innate Abilities, Weirdness & Mutations

You have very sharp teeth.
Your uncanny sense of smell can sniff out nearby items.
Your experience applies equally to all skills.


Message History

You bite the orc warrior, but do no damage.
The orc warrior hits you but does no damage.
You closely miss the orc warrior.
You bite the orc warrior, but do no damage.
The orc warrior hits you with a +0 halberd!
The orc wizard hits you but does no damage.
Unknown command.
You hit the orc warrior but do no damage.
Your bite misses the orc warrior. The orc warrior barely misses you.
The orc wizard barely misses you.
You hit the orc warrior. Your bite misses the orc warrior.
The orc warrior is lightly wounded.
The orc warrior hits you with a +0 halberd!!
The orc wizard hits you but does no damage.
The orc warrior hits you but does no damage.
The orc wizard barely misses you.
You riposte.
You slash the orc wizard!
You kill the orc wizard!
Lugonu accepts your kill.
You hit the orc warrior but do no damage.
The orc warrior is lightly wounded.
The orc warrior hits you with a +0 halberd!!
* * * LOW HITPOINT WARNING * * *
You hit the orc warrior.
The orc warrior is moderately wounded.
The orc warrior hits you with a +0 halberd.
* * * LOW HITPOINT WARNING * * *
Unknown command.
You barely miss the orc warrior.
The orc warrior is moderately wounded.
The orc warrior barely misses you.
Unknown command.
A red film seems to cover your vision as you go berserk!
You feel yourself moving faster!
You feel mighty!
The orc warrior hits you with a +0 halberd!
* * * LOW HITPOINT WARNING * * *
Unknown command.
You hit the orc warrior.
The orc warrior is heavily wounded.
The orc warrior hits you with a +0 halberd!
You die...

.##.. #...
#.....##..#
#.).#.....#####.
.......(...#.>..
...(............
...[............
.........)...###
........@o......
$.....[<[.......
....###.........
<. ∆ ..........
.#.........
#.#.#.#####. #
....# .....
..####


You could see an orc warrior.

Vanquished Creatures
  The ghost of anet the Covert, an amateur GnDe (D:4)
  An ice beast (D:5)
  2 sky beasts
  A black bear (D:4)
  A phantom (D:4)
  A scorpion (D:4)
  An orc priest (D:5)
  Crazy Yiuf (D:2)
  A gnoll shaman (D:4)
  A hound (D:4)
  Terence (D:3)
  An iguana (D:5)
  4 orc wizards
  A hound zombie (D:5)
  A hound skeleton (D:4)
  6 gnolls
  9 adders
  A white imp (D:5)
  An adder zombie (D:5)
  A worm (D:2)
  6 dart slugs
  15 orcs
  4 endoplasms
  3 giant cockroaches
  5 goblins
  5 hobgoblins
  11 jackals
  3 quokkas
  5 ball pythons
  4 bats
  6 frilled lizards
  4 kobolds
  8 rats
116 creatures vanquished.

Vanquished Creatures (others)
  2 fungi (D:2)
2 creatures vanquished.

Grand Total: 118 creatures vanquished

Notes
Turn   | Place    | Note
-------+----------+-------------------------------------------
     0 | Abyss:1  | Gargoyl the Gnoll Abyssal Knight began the quest for the
                  | Orb.
     0 | Abyss:1  | Reached XP level 1. HP: 23/23 MP: 3/3
    86 | Abyss:3  | Identified the +8 long sword of Okawaru's Inspiration
                  | {vorpal, rElec rPois rF+++ Int-4}
   100 | Abyss:3  | Noticed a sixfirhy
   100 | D:1      | Escaped the Abyss
   193 | D:1      | Reached * piety under Lugonu
   253 | D:1      | Reached XP level 2. HP: 29/29 MP: 5/5
   344 | D:1      | Found a faded altar of an unknown god.
   527 | D:1      | Reached XP level 3. HP: 28/35 MP: 6/6
   998 | D:1      | You fall into a shaft and drop 1 floor!
  1083 | D:2      | Reached skill level 1 in Short Blades
  1083 | D:2      | Reached skill level 1 in Long Blades
  1083 | D:2      | Reached skill level 1 in Maces & Flails
  1083 | D:2      | Reached skill level 1 in Polearms
  1083 | D:2      | Reached skill level 1 in Staves
  1083 | D:2      | Reached skill level 1 in Slings
  1083 | D:2      | Reached skill level 1 in Bows
  1083 | D:2      | Reached skill level 1 in Crossbows
  1083 | D:2      | Reached skill level 1 in Throwing
  1083 | D:2      | Reached skill level 1 in Stealth
  1083 | D:2      | Reached skill level 1 in Shields
  1083 | D:2      | Reached skill level 1 in Unarmed Combat
  1083 | D:2      | Reached skill level 1 in Spellcasting
  1083 | D:2      | Reached skill level 1 in Evocations
  1285 | D:2      | Reached ** piety under Lugonu
  1286 | D:2      | Reached XP level 4. HP: 41/41 MP: 7/7
  1446 | D:2      | Reached skill level 1 in Conjurations
  1446 | D:2      | Reached skill level 1 in Hexes
  1446 | D:2      | Reached skill level 1 in Summonings
  1446 | D:2      | Reached skill level 1 in Necromancy
  1446 | D:2      | Reached skill level 1 in Translocations
  1446 | D:2      | Reached skill level 1 in Transmutations
  1446 | D:2      | Reached skill level 1 in Fire Magic
  1446 | D:2      | Reached skill level 1 in Ice Magic
  1446 | D:2      | Reached skill level 1 in Air Magic
  1446 | D:2      | Reached skill level 1 in Earth Magic
  1446 | D:2      | Reached skill level 1 in Poison Magic
  1518 | D:2      | Found a runed translucent door.
  1519 | D:2      | Noticed Crazy Yiuf
  1811 | D:2      | Killed Crazy Yiuf
  1812 | D:2      | Reached XP level 5. HP: 33/47 MP: 8/8
  2021 | D:3      | Found a radiant altar of Vehumet.
  2191 | D:3      | Noticed Terence
  2198 | D:3      | Killed Terence
  2201 | D:3      | Found a sparkling altar of Nemelex Xobeh.
  2780 | D:4      | Reached skill level 5 in Invocations
  2781 | D:4      | Reached XP level 6. HP: 52/53 MP: 9/9
  2783 | D:4      | Reached *** piety under Lugonu
  2811 | D:4      | Reached skill level 5 in Axes
  2811 | D:4      | Reached skill level 5 in Armour
  2941 | D:4      | Found a broken altar of Ashenzari.
  2963 | D:4      | Found a hide-covered altar of Uskayaw.
  2998 | D:4      | Noticed a black bear
  3004 | D:4      | Killed a black bear
  3005 | D:4      | Reached skill level 7 in Fighting
  3005 | D:4      | Reached XP level 7. HP: 57/60 MP: 10/10
  3045 | D:4      | Found a runed translucent door.
  3048 | D:4      | Noticed anet's ghost (amateur GnDe)
  3068 | D:4      | Killed anet's ghost
  3682 | D:5      | Entered Level 5 of the Dungeon
  3850 | D:4      | Reached XP level 8. HP: 42/67 MP: 12/12
  4131 | D:5      | Noticed a two-headed ogre
  4131 | D:5      | Noticed a yak
  4294 | D:5      | Found a white marble altar of Elyvilon.
  4613 | D:6      | HP: 4/100 [orc warrior (16)]
  4614 | D:6      | Slain by an orc warrior

Illustrated notes

Levels and vault maps discovered:
D:1:      nzn_arrival_settlement, layout_loops_corners, basic_ecumenical_altar,
          grunt_decor_resistance
D:2:      layout_basic, item_on_display_a, uniq_crazy_yiuf_cottage
D:3:      layout_loops_corners, vehumet_altar_wand_db,
          mainiacjoe_overflow_boulevard, minmay_misc_feat_room, uniq_terence
D:4:      layout_gridville, lemuel_doored_altar, amcnicky_altar_gilded,
          ebering_ghost_sewer_d
D:5:      layout_cave_pools, nicolae_elyvilon_peaceful_grove,
          lightli_corner_chamber
D:6:      layout_rooms, nicolae_qazlal_scattered_showers, nicolae_shop_clearance

Skill      XL: |  1  2  3  4  5  6  7  8 |
---------------+-------------------------+-----
Short Blades   | 1 2 3 |  3.2
Long Blades    | 1 2 3 |  3.2
Maces & Flails | 1 2 3 |  3.2
Polearms       | 1 2 3 |  3.2
Staves         | 1 2 3 |  3.2
Slings         | 1 2 3 |  3.2
Bows           | 1 2 3 |  3.2
Crossbows      | 1 2 3 |  3.2
Throwing       | 1 2 3 |  3.2
Stealth        | 1 2 3 |  3.2
Shields        | 1 2 3 |  3.2
Unarmed Combat | 1 2 3 |  3.2
Spellcasting   | 1 2 3 |  3.2
Evocations     | 1 2 3 |  3.2
Conjurations   | 1 2 |  2.6
Hexes          | 1 2 |  2.6
Summonings     | 1 2 |  2.6
Necromancy     | 1 2 |  2.6
Translocations | 1 2 |  2.6
Transmutations | 1 2 |  2.6
Fire Magic     | 1 2 |  2.6
Ice Magic      | 1 2 |  2.6
Air Magic      | 1 2 |  2.6
Earth Magic    | 1 2 |  2.6
Poison Magic   | 1 2 |  2.6
Dodging        | 3 4 |  4.2
Invocations    | 5 |  5.9
Axes           | 5 |  5.6
Armour         | 5 |  5.6
Fighting       | 7 |  7.3

Action                   |  1- 3 |  4- 6 |  7- 9 || total
-------------------------+-------+-------+-------++-------
Melee: Long sword        |    54 |    89 |    81 ||   224
       Bite              |     4 |     2 |     7 ||    13
       Punch             |       |     3 |     2 ||     5
Invok: Depart the Abyss  |     1 |       |       ||     1
  Use: Scroll            |     1 |     7 |     4 ||    12
       Potion            |       |       |     1 ||     1
 Stab: Sleeping          |     2 |       |       ||     2
Armor: Leather armour    |    17 |       |       ||    17
       Ring mail         |    10 |    28 |       ||    38
       Chain mail        |       |    34 |    90 ||   124
Dodge: Dodged            |    31 |    52 |    58 ||   141
       Rpst.: Long sword |    12 |    18 |    17 ||    47

Table legend: (Time is in decaauts)
 A = Elapsed time spent in this place.
 B = Non-inter-level travel time spent in this place.
 C = Inter-level travel time spent in this place.
 D = Time resting spent in this place.
 E = Time spent auto-exploring this place.
 F = Levels seen in this place.
 G = Mean time per level.
                   A        B        C        D        E       F      G
               +--------+--------+--------+--------+--------+-----+--------+
         Total |   4691 |   4533 |    158 |    379 |   3245 |   9 |  521.2 |
       Dungeon |   4590 |   4432 |    158 |    379 |   3193 |   6 |  765.0 |
         Abyss |    100 |    100 |      0 |      0 |     52 |   3 |   33.3 |
               +--------+--------+--------+--------+--------+-----+--------+

Top non-repeatable levels by time:
     D:4: 1236 daAuts
     D:2: 951 daAuts
     D:1: 913 daAuts
     D:3: 835 daAuts
     D:5: 626 daAuts
 Abyss:1: 46 daAuts
 Abyss:2: 32 daAuts
     D:6: 26 daAuts
 Abyss:3: 22 daAuts
